 Dungeon Crawl Stone Soup version 0.25.1-2-g60ff931df9 (webtiles) character file.

Game seed: 5538564132534956857

39 funkygono the Conjurer (level 3, -5/24 HPs)
             Began as a Demonspawn Conjurer on Oct 5, 2020.
             Slain by Terence
             ... wielding a +0 flail
              (9 damage)
             ... on level 2 of the Dungeon.
             The game lasted 00:03:19 (1567 turns).

funkygono the Conjurer (Demonspawn Conjurer)        Turns: 1567, Time: 00:03:20

Health: -5/24      AC:  2    Str:  8    XL:     3   Next: 26%
Magic:  0/6        EV: 12    Int: 17    God:
Gold:   67         SH:  0    Dex: 13    Spells: 0/6 levels left

rFire    . . .     SeeInvis .   g - +1 club
rCold    . . .     Gourm    .   (no shield)
rNeg     . . .     Faith    .   a - +0 robe
rPois    .         Spirit   +   (helmet restricted)
rElec    .         Reflect  .   (no cloak)
rCorr    .         Harm     .   (no gloves)
MR       .....                  (no boots)
Stlth    ++........             i - amulet of guardian spirit
HPRegen  0.08/turn              (no ring)
MPRegen  0.10/turn              (no ring)

@: no status effects
A: horns 1, spiny 1
a: no special abilities


You were on level 2 of the Dungeon.
You were hungry.

You visited 1 branch of the dungeon, and saw 2 of its levels.

You collected 67 gold pieces.

Inventory:

Hand Weapons
 g - a +1 club (weapon)
Missiles
 h - 68 stones (quivered)
Armour
 a - a +0 robe (worn)
 n - a +1 helmet
Jewellery
 i - an amulet of guardian spirit (around neck)
Scrolls
 b - 2 scrolls of identify
 l - a scroll of immolation {unknown}
Potions
 d - 2 potions of degeneration {unknown}
 e - 2 potions of curing {unknown}
 j - a potion of might {unknown}
 k - 2 potions of haste
 m - a potion of berserk rage {unknown}
 o - a potion of heal wounds {unknown}
Comestibles
 c - 4 rations


   Skills:
 + Level 0.1 Maces & Flails
 + Level 1.8 Dodging
 - Level 1.7 Stealth
 + Level 2.2 Spellcasting
 + Level 4.9 Conjurations


You couldn't memorise any spells.
You knew the following spells:

 Your Spells              Type           Power        Failure   Level  Hunger
a - Magic Dart            Conj           ###.         2%          1    #......
b - Searing Ray           Conj           ###...       3%          2    ###....
c - Dazzling Flash        Conj/Hex       ##....       21%         3    ###....

Your spell library contained the following spells:

 Spells                   Type           Power        Failure   Level  Hunger
 Fulminant Prism          Conj/Hex       ##........   56%         4    #####..
 Iskenderun's Mystic Bla  Conj/Tloc      ##......     56%         4    #####..


Dungeon Overview and Level Annotations

Branches:
Dungeon (2/15)

Altars:
Trog

Annotations:
D:2 Terence


Innate Abilities, Weirdness & Mutations

You have a pair of small horns on your head.
You are partially covered in sharp spines.


Message History

Terence is heavily wounded.
Terence misses you.
You barely miss Terence. You headbutt Terence, but do no damage.
Terence is heavily wounded.
Terence hits you with a +0 flail.
You closely miss Terence.
Terence is heavily wounded.
Terence is struck by your spines. Terence closely misses you.
You barely miss Terence.
Terence is severely wounded.
Terence hits you with a +0 flail.
Okay, then.
You hit Terence. You headbutt Terence, but do no damage.
Terence is severely wounded.
Terence hits you with a +0 flail!
* * * LOW HITPOINT WARNING * * *
You hit Terence but do no damage.
Terence is severely wounded.
Terence is struck by your spines. Terence hits you with a +0 flail!
You die...

.. .. . ##. #### .. .. ..... ...
##.###...... ....##.†.........
#...............#.........
.............._.#.##....#.
...............@@.........
........(....#.##.........
............##......#.>.#
............###....#....# ####
.............##..#...#..######...
.................................
.............####...##...##......
###..........####................
###..............................


You could see Terence.

Vanquished Creatures
  A worm (D:2)
  2 dart slugs (D:1)
  2 leopard geckos (D:1)
  6 bats
  2 giant cockroaches (D:1)
  3 hobgoblins
  5 kobolds
  3 frilled lizards
  3 goblins (D:1)
  3 rats
30 creatures vanquished.

Notes
Turn   | Place    | Note
-------+----------+-------------------------------------------
     0 | D:1      | funkygono the Demonspawn Conjurer began the quest for the
                  | Orb.
     0 | D:1      | Reached XP level 1. HP: 13/13 MP: 3/3
   240 | D:1      | Gained mutation: You have a pair of small horns on your
                  | head. [demonic ancestry]
   240 | D:1      | Reached XP level 2. HP: 19/19 MP: 1/5
   500 | D:1      | Learned a level 2 spell: Searing Ray
   972 | D:1      | Gained mutation: You are partially covered in sharp spines.
                  | [demonic ancestry]
   972 | D:1      | Reached XP level 3. HP: 24/24 MP: 2/6
  1069 | D:1      | Learned a level 3 spell: Dazzling Flash
  1500 | D:2      | Found a bloodstained altar of Trog.
  1548 | D:2      | Noticed Terence
  1567 | D:2      | Slain by Terence

Illustrated notes

Levels and vault maps discovered:
D:1:      sevenhm_arrival_forest_fort_large_2, layout_rooms, feat_on_display
D:2:      layout_rooms, bloody_trog, first_ration, kennysheep_generic_room_2,
          uniq_natasha, uniq_terence

Action                   || total
-------------------------++-------
Melee: Club              ||    28
       Headbutt          ||     5
 Cast: Magic Dart        ||    51
       Searing Ray       ||     1
  Use: Scroll            ||     4
  Eat: Chunk             ||     2
Armor: Robe              ||     4
Dodge: Dodged            ||    24
